[ PARTIDA AOE2 · #477692505 ]
UnrankedWei vs Berbers
Equipo del jugador · DERR
Equipo rival · VICT
[ ANÁLISIS DE REPETICIÓN · EXTRAÍDO DE LA PARTIDA GRABADA ]
Feudal
9:17
Castillos
22:09
Imperial
—
| APM promedio | 45.7 |
| APM pico | 86 |
| eAPM promedio | 21.3 |
| Aldeanos / militares | 79 / 53 |
Foco
⚔️ 38.0% · 🌾 62.0%
Skirmisher ×39 · Unknown (1952) ×18 · Archer ×11 · Unknown (1944) ×6 · Scout Cavalry ×2 · Spearman ×1
Feudal
10:31
Castillos
19:02
Imperial
31:51
| APM promedio | 65.4 |
| APM pico | 112 |
| eAPM promedio | 38.9 |
| Aldeanos / militares | 120 / 64 |
Foco
⚔️ 53.2% · 🌾 46.8%
Genitour ×32 · Camel Scout ×9 · Archer ×7 · Skirmisher ×5 · Monk ×5 · Knight ×4
Mapa de la partida
Recursos iniciales + cada clic de construcción. Líneas = muros · curvas = relieve. ◆ oro · ⬟ piedra · ● bayas · ✦ reliquia · ◌ hueco del cierre
Tu base· Abierta — el rival se encerró
Base de 冲动终结者· Abierta — flanco sin cerrar
Terreno inicial suavizado · ◌ = hueco del cierre detectado · pasá el cursor para detalles
Inputs por minuto
— Wolo10 - - 冲动终结者
Build order — Wolo10
Primeras 150 de 238 acciones detectadas
| 0:02 | Crear | Villager (Male) ×4 |
| 0:03 | Construir | House |
| 0:05 | Construir | House |
| 1:25 | Crear | Villager (Male) |
| 1:25 | Crear | Villager (Male) |
| 1:47 | Construir | Lumber Camp |
| 2:02 | Crear | Villager (Male) |
| 2:20 | Crear | Villager (Male) |
| 2:21 | Crear | Villager (Male) |
| 2:47 | Crear | Villager (Male) |
| 2:48 | Crear | Villager (Male) |
| 3:05 | Crear | Villager (Male) |
| 3:05 | Crear | Villager (Male) |
| 3:38 | Crear | Villager (Male) |
| 3:38 | Crear | Villager (Male) |
| 3:56 | Crear | Villager (Male) |
| 3:59 | Construir | House |
| 4:23 | Crear | Villager (Male) |
| 4:24 | Crear | Villager (Male) |
| 4:24 | Crear | Villager (Male) |
| 4:29 | Construir | Mill |
| 5:20 | Crear | Villager (Male) |
| 5:35 | Crear | Villager (Male) |
| 5:49 | Crear | Villager (Male) |
| 6:39 | Investigar | Loom |
| 7:04 | Construir | Lumber Camp |
| 7:07 | Investigar | Feudal Age |
| 7:07 | Investigar | Feudal Age |
| 7:08 | Investigar | Feudal Age |
| 7:31 | Construir | Palisade Wall |
| 7:33 | Construir | Palisade Wall |
| 7:58 | Construir | Palisade Wall |
| 7:59 | Construir | Palisade Wall |
| 8:05 | Construir | Palisade Wall |
| 8:06 | Construir | Palisade Wall |
| 8:09 | Construir | Palisade Wall |
| 8:18 | Construir | Barracks |
| 8:22 | Construir | Mining Camp |
| 8:41 | Construir | House |
| 9:06 | Construir | Palisade Wall |
| 9:09 | Construir | Palisade Wall |
| 9:10 | Construir | Palisade Wall |
| 9:12 | Construir | Palisade Wall |
| 9:15 | Construir | Palisade Wall |
| 9:17 | Edad | Edad Feudal |
| 9:18 | Construir | Palisade Wall |
| 9:20 | Construir | Palisade Wall |
| 9:21 | Crear | Villager (Male) |
| 9:25 | Construir | Palisade Wall |
| 9:26 | Construir | Palisade Wall |
| 9:28 | Construir | Palisade Wall |
| 9:29 | Construir | Palisade Wall |
| 9:39 | Construir | Archery Range |
| 9:43 | Crear | Villager (Male) |
| 9:54 | Construir | Palisade Wall |
| 9:56 | Crear | Villager (Male) |
| 10:00 | Investigar | Double-Bit Axe |
| 10:00 | Investigar | Double-Bit Axe |
| 10:23 | Crear | Villager (Male) |
| 10:26 | Construir | House |
| 10:36 | Construir | Farm |
| 10:37 | Construir | Farm |
| 10:38 | Crear | Archer |
| 10:56 | Construir | Farm |
| 10:57 | Construir | Farm |
| 11:02 | Construir | Farm |
| 11:06 | Crear | Archer |
| 11:37 | Construir | Palisade Wall |
| 12:03 | Crear | Villager (Male) |
| 12:04 | Crear | Archer |
| 12:05 | Construir | Farm |
| 12:10 | Crear | Villager (Male) |
| 12:12 | Construir | Farm |
| 12:14 | Construir | Farm |
| 12:24 | Construir | Farm |
| 12:29 | Crear | Villager (Male) |
| 12:35 | Crear | Archer |
| 12:45 | Construir | Palisade Wall |
| 12:58 | Construir | House |
| 13:00 | Construir | Farm |
| 13:19 | Crear | Villager (Male) |
| 13:23 | Construir | Blacksmith |
| 13:29 | Crear | Archer |
| 13:36 | Construir | House |
| 13:37 | Construir | House |
| 13:38 | Construir | House |
| 13:48 | Crear | Villager (Male) |
| 14:00 | Construir | Palisade Wall |
| 14:05 | Investigar | Town Watch |
| 14:13 | Investigar | Fletching |
| 14:23 | Crear | Villager (Male) |
| 14:28 | Crear | Villager (Male) |
| 14:36 | Crear | Archer |
| 14:36 | Crear | Archer |
| 14:38 | Crear | Villager (Male) |
| 14:57 | Construir | Farm |
| 15:27 | Crear | Archer |
| 15:27 | Crear | Villager (Male) |
| 15:30 | Construir | Farm |
| 15:34 | Construir | Farm |
| 15:42 | Construir | Farm |
| 15:49 | Construir | Stable |
| 15:55 | Investigar | Wheelbarrow |
| 16:02 | Crear | Archer |
| 16:28 | Construir | Palisade Wall |
| 16:36 | Construir | Palisade Wall |
| 16:39 | Crear | Villager (Male) |
| 16:43 | Construir | House |
| 16:45 | Crear | Villager (Male) |
| 16:52 | Crear | Scout Cavalry |
| 16:53 | Crear | Scout Cavalry |
| 16:57 | Crear | Villager (Male) |
| 17:13 | Investigar | Padded Archer Armor |
| 17:27 | Crear | Villager (Male) |
| 18:01 | Crear | Villager (Male) |
| 18:05 | Crear | Archer |
| 18:05 | Crear | Archer |
| 18:05 | Crear | Villager (Male) |
| 18:29 | Construir | Farm |
| 18:30 | Construir | Farm |
| 18:45 | Construir | Archery Range |
| 19:29 | Investigar | Castle Age |
| 19:29 | Investigar | Castle Age |
| 19:50 | Construir | House |
| 19:52 | Construir | House |
| 19:54 | Construir | House |
| 19:56 | Construir | House |
| 19:57 | Construir | House |
| 20:05 | Investigar | Gold Mining |
| 20:05 | Investigar | Gold Mining |
| 20:18 | Construir | Archery Range |
| 20:33 | Construir | Archery Range |
| 20:42 | Investigar | Horse Collar |
| 20:52 | Investigar | Bloodlines |
| 21:42 | Construir | Farm |
| 22:01 | Crear | Villager (Male) |
| 22:04 | Construir | House |
| 22:09 | Edad | Edad de los Castillos |
| 22:14 | Construir | Stone Wall |
| 22:16 | Crear | Spearman |
| 22:18 | Construir | House |
| 22:20 | Construir | Palisade Wall |
| 22:24 | Crear | Unit 1952 ×5 |
| 22:31 | Construir | House |
| 22:34 | Construir | Palisade Wall |
| 22:44 | Crear | Villager (Male) |
| 22:55 | Crear | Villager (Male) |
| 23:01 | Crear | Unit 1944 |
| 23:02 | Crear | Villager (Male) |
| 23:12 | Construir | Town Center |
Build order — 冲动终结者
Primeras 150 de 320 acciones detectadas
| 0:01 | Crear | Villager (Male) |
| 0:02 | Construir | House |
| 0:03 | Construir | House |
| 0:18 | Crear | Villager (Male) |
| 0:18 | Crear | Villager (Male) |
| 0:18 | Crear | Villager (Male) |
| 1:28 | Crear | Villager (Male) |
| 1:28 | Crear | Villager (Male) |
| 2:01 | Crear | Villager (Male) |
| 2:19 | Crear | Villager (Male) |
| 2:28 | Construir | Lumber Camp |
| 2:52 | Crear | Villager (Male) |
| 2:53 | Crear | Villager (Male) |
| 3:19 | Crear | Villager (Male) |
| 3:27 | Crear | Villager (Male) |
| 3:33 | Construir | House |
| 4:02 | Crear | Villager (Male) |
| 4:04 | Construir | House |
| 4:30 | Crear | Villager (Male) |
| 4:50 | Crear | Villager (Male) |
| 4:58 | Crear | Villager (Male) |
| 5:09 | Construir | Barracks |
| 5:39 | Crear | Villager (Male) |
| 5:41 | Construir | House |
| 6:05 | Crear | Militia |
| 6:06 | Crear | Villager (Male) |
| 6:16 | Crear | Militia |
| 6:25 | Crear | Villager (Male) |
| 6:43 | Crear | Villager (Male) |
| 6:49 | Construir | Mill |
| 7:20 | Crear | Villager (Male) |
| 7:30 | Construir | Mill |
| 7:38 | Crear | Villager (Male) |
| 7:54 | Investigar | Loom |
| 8:20 | Investigar | Feudal Age |
| 8:56 | Construir | Mining Camp |
| 9:28 | Crear | Villager (Male) |
| 10:31 | Edad | Edad Feudal |
| 10:36 | Construir | Archery Range |
| 10:37 | Investigar | Double-Bit Axe |
| 10:37 | Investigar | Double-Bit Axe |
| 10:37 | Investigar | Horse Collar |
| 10:41 | Crear | Villager (Male) |
| 10:50 | Investigar | Horse Collar |
| 10:51 | Crear | Villager (Male) |
| 11:04 | Construir | House |
| 11:17 | Construir | Farm |
| 11:20 | Crear | Skirmisher |
| 11:29 | Crear | Villager (Male) |
| 11:48 | Crear | Villager (Male) |
| 11:54 | Crear | Skirmisher |
| 11:56 | Construir | Farm |
| 11:57 | Construir | Farm |
| 11:59 | Construir | Farm |
| 12:05 | Crear | Archer |
| 12:08 | Crear | Villager (Male) |
| 12:26 | Crear | Villager (Male) |
| 12:28 | Construir | Farm |
| 12:29 | Construir | Farm |
| 12:30 | Crear | Villager (Male) |
| 12:32 | Crear | Villager (Male) |
| 12:36 | Construir | House |
| 12:46 | Crear | Archer |
| 13:00 | Construir | Farm |
| 13:02 | Crear | Archer |
| 13:17 | Crear | Villager (Male) |
| 13:23 | Construir | Farm |
| 13:31 | Construir | Palisade Wall |
| 13:31 | Construir | Palisade Wall |
| 13:33 | Crear | Villager (Male) |
| 13:38 | Construir | House |
| 13:40 | Construir | Palisade Wall |
| 13:47 | Construir | Farm |
| 13:53 | Crear | Villager (Male) |
| 14:00 | Crear | Archer |
| 14:04 | Crear | Villager (Male) |
| 14:15 | Crear | Villager (Male) |
| 14:33 | Crear | Villager (Male) |
| 14:36 | Construir | Blacksmith |
| 14:37 | Crear | Archer |
| 14:50 | Crear | Archer |
| 15:05 | Crear | Villager (Male) |
| 15:30 | Construir | Farm |
| 15:33 | Construir | House |
| 15:37 | Construir | Palisade Wall |
| 15:38 | Construir | Palisade Wall |
| 15:39 | Crear | Archer |
| 15:44 | Construir | House |
| 15:54 | Crear | Villager (Male) |
| 16:00 | Construir | Palisade Wall |
| 16:05 | Construir | Palisade Wall |
| 16:14 | Construir | Lumber Camp |
| 16:22 | Investigar | Castle Age |
| 16:22 | Investigar | Castle Age |
| 16:55 | Construir | Farm |
| 16:57 | Construir | Farm |
| 17:13 | Investigar | Fletching |
| 17:28 | Crear | Skirmisher |
| 17:55 | Construir | Palisade Gate |
| 17:58 | Construir | Palisade Gate |
| 18:33 | Construir | Stable |
| 18:37 | Crear | Villager (Male) |
| 19:02 | Edad | Edad de los Castillos |
| 19:02 | Crear | Genitour |
| 19:02 | Crear | Genitour |
| 19:03 | Crear | Genitour |
| 19:05 | Crear | Villager (Male) |
| 19:07 | Construir | Town Center |
| 19:09 | Investigar | Bow Saw |
| 19:10 | Investigar | Bow Saw |
| 19:11 | Investigar | Heavy Plow |
| 19:26 | Crear | Villager (Male) |
| 19:38 | Investigar | Wheelbarrow |
| 19:49 | Construir | Farm |
| 19:49 | Construir | Farm |
| 19:51 | Crear | Genitour |
| 19:51 | Crear | Genitour |
| 20:03 | Crear | Genitour |
| 20:10 | Construir | Farm |
| 20:18 | Crear | Villager (Male) |
| 20:21 | Construir | Farm |
| 20:24 | Construir | Farm |
| 20:31 | Crear | Knight |
| 20:31 | Crear | Knight |
| 20:40 | Crear | Genitour |
| 20:42 | Crear | Villager (Male) |
| 20:44 | Construir | House |
| 20:47 | Crear | Villager (Male) |
| 20:47 | Crear | Villager (Male) |
| 20:56 | Crear | Genitour |
| 21:08 | Crear | Villager (Male) |
| 21:18 | Construir | Palisade Wall |
| 21:21 | Construir | Monastery |
| 21:22 | Crear | Villager (Male) |
| 21:23 | Crear | Villager (Male) |
| 21:24 | Construir | House |
| 21:27 | Construir | Farm |
| 21:30 | Crear | Genitour |
| 21:33 | Crear | Villager (Male) |
| 21:33 | Crear | Villager (Male) |
| 21:38 | Crear | Villager (Male) |
| 21:38 | Crear | Villager (Male) |
| 21:41 | Crear | Villager (Male) |
| 21:41 | Crear | Villager (Male) |
| 22:03 | Crear | Villager (Male) |
| 22:05 | Crear | Monk |
| 22:09 | Construir | Town Center |
| 22:14 | Crear | Genitour |
| 22:16 | Crear | Villager (Male) |
| 22:36 | Construir | House |
Cronología de la partida
| 5:09 | 冲动终结者 · first_building Barracks |
| 7:31 | Wolo10 · wall_segment Palisade Wall x2 |
| 7:33 | Wolo10 · wall_segment Palisade Wall x1 |
| 7:58 | Wolo10 · wall_segment Palisade Wall x1 |
| 7:59 | Wolo10 · wall_segment Palisade Wall x1 |
| 8:05 | Wolo10 · wall_segment Palisade Wall x1 |
| 8:06 | Wolo10 · wall_segment Palisade Wall x1 |
| 8:09 | Wolo10 · wall_segment Palisade Wall x1 |
| 8:18 | Wolo10 · first_building Barracks |
| 9:06 | Wolo10 · wall_segment Palisade Wall x1 |
| 9:09 | Wolo10 · wall_segment Palisade Wall x1 |
| 9:10 | Wolo10 · wall_segment Palisade Wall x1 |
| 9:12 | Wolo10 · wall_segment Palisade Wall x1 |
| 9:15 | Wolo10 · wall_segment Palisade Wall x1 |
| 9:17 | Wolo10 · age_up feudal |
| 9:18 | Wolo10 · wall_segment Palisade Wall x1 |
| 9:20 | Wolo10 · wall_segment Palisade Wall x1 |
| 9:25 | Wolo10 · wall_segment Palisade Wall x1 |
| 9:26 | Wolo10 · wall_segment Palisade Wall x1 |
| 9:28 | Wolo10 · wall_segment Palisade Wall x1 |
| 9:29 | Wolo10 · wall_segment Palisade Wall x1 |
| 9:39 | Wolo10 · first_building Archery Range |
| 9:54 | Wolo10 · wall_segment Palisade Wall x1 |
| 10:31 | 冲动终结者 · age_up feudal |
| 10:36 | 冲动终结者 · first_building Archery Range |
| 11:37 | Wolo10 · wall_segment Palisade Wall x1 |
| 12:45 | Wolo10 · wall_segment Palisade Wall x7 |
| 13:31 | 冲动终结者 · wall_segment Palisade Wall x9 |
| 13:31 | 冲动终结者 · wall_segment Palisade Wall x1 |
| 13:40 | 冲动终结者 · wall_segment Palisade Wall x7 |
| 14:00 | Wolo10 · wall_segment Palisade Wall x1 |
| 15:37 | 冲动终结者 · wall_segment Palisade Wall x3 |
| 15:38 | 冲动终结者 · wall_segment Palisade Wall x6 |
| 15:49 | Wolo10 · first_building Stable |
| 16:00 | 冲动终结者 · wall_segment Palisade Wall x4 |
| 16:05 | 冲动终结者 · wall_segment Palisade Wall x10 |
| 16:28 | Wolo10 · wall_segment Palisade Wall x18 |
| 16:36 | Wolo10 · wall_segment Palisade Wall x13 |
| 18:33 | 冲动终结者 · first_building Stable |
| 19:02 | 冲动终结者 · age_up castle |
| 21:18 | 冲动终结者 · wall_segment Palisade Wall x1 |
| 21:21 | 冲动终结者 · first_building Monastery |
| 22:09 | Wolo10 · age_up castle |
| 22:14 | Wolo10 · wall_segment Stone Wall x1 |
| 22:20 | Wolo10 · wall_segment Palisade Wall x1 |
| 22:34 | Wolo10 · wall_segment Palisade Wall x1 |
| 29:34 | 冲动终结者 · first_building Castle |
| 31:51 | 冲动终结者 · age_up imperial |
| 32:57 | Wolo10 · resign |
[ ANÁLISIS IA · 1 CRÉDITO ]
¿Qué pasó realmente en esta partida?
Wolo.gg analiza cada decisión: build order, eco, micro, errores típicos por bracket. Análisis personalizado por WhatsApp o Discord en 30 segundos.
Guía civ
Wei
Perfil
Wolo10